 Dungeon Crawl Stone Soup version 0.29.1-15-g9cfb28693d (webtiles) character file.

Game seed: 18103395514405664436

142 nightchill the Chopper (level 5, 47/47 HPs)
             Began as a Hill Orc Fighter on Mar 3, 2023.
             Was a Follower of the Shining One.
             Quit the game on level 3 of the Dungeon.
             The game lasted 00:04:12 (3182 turns).

nightchill the Chopper (Hill Orc Fighter)           Turns: 3182, Time: 00:04:13

Health: 47/47      AC:  6    Str: 21    XL:     5   Next: 24%
Magic:  5/5        EV:  9    Int:  8    God:    the Shining One [*.....]
Gold:   48         SH:  4    Dex: 10    Spells: 4/4 levels left

rFire   . . .      SeeInvis .   a - +0 war axe
rCold   . . .      Faith    .   c - +0 buckler
rNeg    . . .      Spirit   .   b - +0 scale mail
rPois   .          Reflect  .   (no helmet)
rElec   .          Harm     .   (no cloak)
rCorr   .          Rampage  .   (no gloves)
Will    .....                   (no boots)
Stlth   ..........              (no amulet)
HPRegen 0.15/turn               (no ring)
MPRegen 0.09/turn               (no ring)

@: glowing
A: no striking features
a: Renounce Religion, Divine Shield


You were on level 3 of the Dungeon.
You worshipped the Shining One.
The Shining One was aware of your devotion.
You visited 1 branch of the dungeon, and saw 3 of its levels.

You collected 48 gold pieces.

Inventory:

Hand Weapons
 a - a +0 war axe (weapon)
Armour
 b - a +0 scale mail (worn)
 c - a +0 buckler (worn)
Jewellery
 i - a ring of poison resistance
 m - a ring of wizardry
Scrolls
 j - 2 scrolls of enchant weapon {unknown}
 k - 2 scrolls of enchant armour {unknown}
 l - 2 scrolls of blinking {unknown}
Potions
 d - a potion of might
 e - 2 potions of curing {unknown}
 f - 2 potions of lignification {unknown}
 g - 2 potions of brilliance {unknown}
 h - a potion of haste {unknown}


   Skills:
 + Level 4.9 Fighting
 * Level 6.0 Axes
 - Level 3.2 Armour
 - Level 3.2 Shields


You had 4 spell levels left.
You didn't know any spells.
Your spell library contained the following spells:

 Spells                   Type           Power      Damage    Failure   Level
 Blink                    Tloc           0%         N/A       93%         2
 Gell's Gravitas          Tloc           0%         N/A       99%         3
 Ignite Poison            Fire/Tmut/Pois 0%         N/A       99%         3
 Mephitic Cloud           Conj/Pois/Air  0%         N/A       99%         3
 Teleport Other           Tloc           0%         N/A       99%         3
 Freezing Cloud           Conj/Ice/Air   0%         6-21      100%        5
 Manifold Assault         Tloc           0%         N/A       100%        5
 Dispersal                Tloc           0%         N/A       100%        6
 Storm Form               Tmut/Air       0%         N/A       100%        7


Dungeon Overview and Level Annotations

Branches:
Dungeon (3/15)

Altars:
Ru
The Shining One

Shops:
D:2 (


Message History

Key pressed, stopping explore.
No target in view!
No target in view!
No target in view!
A giant cockroach comes into view.
A giant cockroach is nearby!
A giant cockroach is nearby!
The giant cockroach bites you.
You slash the giant cockroach!
You kill the giant cockroach!
No target in view!
HP restored.
You now have 48 gold pieces (gained 10).
A hobgoblin comes into view.
The hobgoblin shouts!
A hobgoblin is nearby!
A hobgoblin is nearby!
Found an escape hatch in the ceiling.
The hobgoblin hits you but does no damage.
You hit the hobgoblin but do no damage.
The hobgoblin hits you but does no damage. x2
You slash the hobgoblin!
You kill the hobgoblin!
There is an escape hatch in the ceiling here.
A giant cockroach comes into view.
You see here 6 gold pieces.
A giant cockroach is nearby!
A giant cockroach is nearby!
A giant cockroach is nearby!
The giant cockroach bites you but does no damage.
The giant cockroach barely misses you.
You hit the giant cockroach but do no damage.
The giant cockroach barely misses you.
You barely miss the giant cockroach.
The giant cockroach bites you but does no damage.
The giant cockroach barely misses you.
You hit the giant cockroach.
You kill the giant cockroach!
Your Axes skill increases to level 6!
Are you sure you want to abandon this character and quit the game? (Confirm with "yes".)

..##..<...#
##### #....#
#.##.###.##
####.# #.##.#
#.# #.#
#.##.# #.#
#†# #.##.# #.
#### #.#
#.##.# ..#
#.# ..##.#
#.# #.#
####.#
#####.####
#.# #.#
#...@.$..#
#.# ####.#
#.###.##.#
#.#
.....#####
#.##.# #.#
.####....#
#.#
#.##.######.#
. #.##.# #.#
#.....##....#
...##.##.#
#.#
####..##.####
.#.##.##.#
#.# #..##.#
.#.##.##.#
#.# #..##.#
.#.##.##.#
#.# #..##.#


There were no monsters in sight!

Vanquished Creatures
  Crazy Yiuf (D:2)
  Robin (D:1)
  2 adders (D:2)
  A worm (D:2)
  4 dart slugs
  3 bats (D:1)
  4 endoplasms
  5 giant cockroaches
  13 goblins
  9 hobgoblins
  2 jackals (D:1)
  3 quokkas
  9 ball pythons
  7 frilled lizards
  5 kobolds
  A rat (D:2)
70 creatures vanquished.

Notes
Turn   | Place    | Note
-------+----------+-------------------------------------------
     0 | D:1      | nightchill the Hill Orc Fighter began the quest for the
                  | Orb.
     0 | D:1      | Reached XP level 1. HP: 19/19 MP: 1/1
    59 | D:1      | Reached skill level 3 in Axes
    76 | D:1      | Reached XP level 2. HP: 8/27 MP: 2/2
   562 | D:1      | Reached skill level 4 in Axes
   648 | D:1      | Reached XP level 3. HP: 33/33 MP: 3/3
   987 | D:2      | Noticed Robin
   987 | D:2      | Found Luejem's Weapon Emporium.
  1019 | D:1      | Killed Robin
  1304 | D:2      | Reached skill level 5 in Axes
  1304 | D:2      | Reached XP level 4. HP: 33/41 MP: 4/4
  1908 | D:2      | Found a faded altar of an unknown god.
  2010 | D:2      | Prayed at the altar of an unknown god.
  2010 | D:2      | Became a worshipper of the Shining One
  2010 | D:2      | Reached * piety under the Shining One
  2326 | D:2      | Found a runed translucent door.
  2327 | D:2      | Noticed Crazy Yiuf
  2558 | D:2      | Killed Crazy Yiuf
  2558 | D:2      | HP: 2/41 [poisoned by Crazy Yiuf]
  2559 | D:2      | Reached XP level 5. HP: 2/47 MP: 5/5
  2929 | D:3      | Found a sacrificial altar of Ru.
  3182 | D:3      | Reached skill level 6 in Axes
  3182 | D:3      | Quit the game

Illustrated notes

Levels and vault maps discovered:
D:1:      spicycebolla_arrival_risky_transporter, layout_basic
D:2:      layout_basic, serial_shops, shop, nicolae_ecumenical_pavilion,
          uniq_robin, uniq_crazy_yiuf_cottage
D:3:      layout_loops_ring, lemuel_crystal_altar, xom_teletrap_fun

Skill      XL: |  1  2  3  4  5 |
---------------+----------------+-----
Axes           | 3 4 5 6 |  6.0
Fighting       | 4 |  4.9
Armour         | |  3.2
Shields        | |  3.2

Action                   |  1- 3 |  4- 6 || total
-------------------------+-------+-------++-------
Melee: War axe           |   115 |    89 ||   204
Armor: Scale mail        |    68 |    36 ||   104
Dodge: Dodged            |    60 |    44 ||   104
Block: Buckler           |    31 |    15 ||    46
